 Dungeon Crawl Stone Soup version 0.21.1-1-g345015fe64 (webtiles) character file.

265 Ivernyr the Charmwright (level 5, -3/41 HPs)
             Began as a Demonspawn Skald on Apr 30, 2018.
             Was an Initiate of Nemelex Xobeh.
             Slain by a scorpion (5 damage)
             ... on level 4 of the Dungeon.
             The game lasted 00:09:11 (4647 turns).

Ivernyr the Charmwright (Demonspawn Skald)          Turns: 4647, Time: 00:09:12

Health: -3/41      AC:  3    Str: 14    XL:     5   Next: 99%
Magic:  6/8        EV: 12    Int: 15    God:    Nemelex Xobeh [......]
Gold:   199        SH:  0    Dex: 13    Spells: 3/8 levels left

rFire    . . .     SeeInvis .   a - +0 falchion
rCold    . . .     Gourm    +   (no shield)
rNeg     . . .     Faith    .   b - +0 leather armour
rPois    .         Spirit   .   (helmet restricted)
rElec    .         Reflect  .   (no cloak)
rCorr    .         Harm     .   (no gloves)
MR       .....                  (no boots)
Stlth    +.........             j - amulet of the gourmand
HPRegen  0.13/turn              n - +3 ring of strength (curse)
MPRegen  0.11/turn              (no ring)

@: lethally poisoned (-3 -> -20), shrouded, very slightly contaminated
A: horns 2, powered by pain 1
a: Renounce Religion


You were on level 4 of the Dungeon.
You worshipped Nemelex Xobeh.
Nemelex Xobeh was noncommittal.
You were not hungry.

You visited 2 branches of the dungeon, and saw 5 of its levels.

You collected 199 gold pieces.

Inventory:

Hand Weapons
 a - a +0 falchion (weapon)
Armour
 b - a +0 leather armour (worn)
Jewellery
 j - an amulet of the gourmand (around neck)
 n - a cursed +3 ring of strength (left hand)
Scrolls
 e - 2 scrolls of enchant armour {unknown}
 f - 2 scrolls of remove curse {unknown}
 g - 2 scrolls of teleportation {unknown}
 h - 2 scrolls of identify {unknown}
 k - a scroll of blinking {unknown}
 l - a scroll of noise {unknown}
 r - a scroll of amnesia {unknown}
 t - a scroll of fog {unknown}
Potions
 p - a potion of flight {unknown}
 q - a potion of might {unknown}
 s - a potion of degeneration {unknown}
Books
 c - a book of Battle

   Spells                             Type                      Level
   a - Infusion                       Charms                       1
   b - Shroud of Golubria             Charms/Translocation         2
   c - Song of Slaying                Charms                       2
   d - Spectral Weapon                Hexes/Charms                 3
   e - Regeneration                   Charms/Necromancy            3
Comestibles
 d - 3 rations


   Skills:
 - Level 3.1 Fighting
 + Level 3.0 Long Blades
 * Level 3.4 Armour
 - Level 1.7 Dodging
 - Level 2.0 Spellcasting
 + Level 3.6 Charms
 + Level 0.3 Invocations


You had 3 spell levels left.
You knew the following spells:

 Your Spells              Type           Power        Failure   Level  Hunger
a - Shroud of Golubria    Chrm/Tloc      #.........   21%         2    ###....
b - Song of Slaying       Chrm           ##......     10%         2    ###....
c - Infusion              Chrm           ##..         6%          1    #......


Dungeon Overview and Level Annotations

Branches:
Dungeon (4/15)             Temple (1/1) D:4

Altars:
Ashenzari
Cheibriados
Fedhas
Gozag
Nemelex Xobeh
Okawaru
Qazlal
Sif Muna
Trog
Uskayaw
Vehumet
Wu Jian
Xom
Yredelemnul
Zin
The Shining One

Annotations:
D:3 host's ghost, amateur MiBe


Innate Abilities, Weirdness & Mutations

You have a pair of horns on your head.
You sometimes gain a little power by taking damage.


Message History

You are poisoned.
The scorpion poisons you!
You hit the scorpion.
The scorpion is severely wounded.
You feel sick. The scorpion stings you!
* * * LOW HITPOINT WARNING * * *
You focus on the pain.
You feel your power returning.
You are more poisoned.
The scorpion poisons you!
Casting: Shroud of Golubria
Confirm with . or Enter, or press ? or * to list all spells.
Space distorts slightly along a thin shroud covering your body.
* * * LOW HITPOINT WARNING * * *
You feel sick. The scorpion barely misses you.
You hit the scorpion.
The scorpion is almost dead.
* * * LOW HITPOINT WARNING * * *
You feel sick. The scorpion stings you.
You die...
Your body disappears without a glow.

..........## ##.....#
###....## #..##..##
##..## #.......# #..##
#..§....## ##..#
#.§§.....###
#..#####...........
##..##.............
#..#..............
#.@s..............
#..................
#....................
......................#
........................
........................
........................
........................
...............


You could see a scorpion.

Vanquished Creatures
  A phantom (D:3)
  2 worker ants
  2 adders (D:3)
  A shadow imp (D:3)
  An ooze (D:3)
  2 worms
  A dart slug (D:3)
  2 leopard geckos (D:1)
  5 orcs (D:3)
  9 bats
  4 giant cockroaches
  11 hobgoblins
  6 jackals
  11 kobolds
  3 frilled lizards
  9 goblins
  14 rats
84 creatures vanquished.

Notes
Turn   | Place    | Note
-------+----------+-------------------------------------------
     0 | D:1      | Ivernyr the Demonspawn Skald began the quest for the Orb.
     0 | D:1      | Reached XP level 1. HP: 16/16 MP: 3/3
    22 | D:1      | Reached skill level 1 in Armour
    38 | D:1      | Gained mutation: You have a pair of small horns on your head. [demonic ancestry]
    38 | D:1      | Reached XP level 2. HP: 20/22 MP: 5/5
    56 | D:1      | HP: 1/22 [leopard gecko (4)]
   119 | D:1      | HP: 1/22 [hobgoblin/club (4)]
   413 | D:1      | Learned a level 2 spell: Song of Slaying
   416 | D:1      | Learned a level 2 spell: Shroud of Golubria
   684 | D:1      | Gained mutation: You sometimes gain a little power by taking damage. [demonic ancestry]
   684 | D:1      | Reached XP level 3. HP: 28/28 MP: 6/6
  2450 | D:3      | Reached XP level 4. HP: 34/34 MP: 7/7
  2454 | D:3      | Noticed host's ghost (amateur MiBe)
  3687 | D:4      | Noticed a phantom
  3856 | D:2      | Gained mutation: You have a pair of horns on your head. [demonic ancestry]
  3856 | D:2      | Reached XP level 5. HP: 6/40 MP: 3/8
  4153 | D:3      | Killed a phantom
  4411 | D:4      | Found a staircase to the Ecumenical Temple.
  4423 | Temple   | Entered the Ecumenical Temple
  4436 | Temple   | Became a worshipper of Nemelex Xobeh the Trickster
  4647 | D:4      | HP: 2/41 [poisoned by a scorpion]
  4647 | D:4      | Slain by a scorpion

Skill      XL: |  1  2  3  4  5 |
---------------+----------------+-----
Armour         | 1 2 3 |  3.4
Long Blades    | 2 3 |  3.0
Charms         | 3 |  3.6
Fighting       | 3 |  3.1
Dodging        | |  1.7
Spellcasting   | |  2.0
Invocations    | |  0.3

Action                   |  1- 3 |  4- 6 || total
-------------------------+-------+-------++-------
Melee: Falchion          |   145 |   129 ||   274
       Headbutt          |    16 |    22 ||    38
 Cast: Shroud of Golubri |     1 |    19 ||    20
       Song of Slaying   |       |     2 ||     2
  Use: Potion            |       |     3 ||     3
 Stab: Sleeping          |     1 |       ||     1
  Eat: Chunk             |     2 |     6 ||     8
       Ration            |     1 |     1 ||     2
Armor: Leather armour    |    38 |    29 ||    67
Dodge: Dodged            |   116 |    82 ||   198
       Rpst.: Falchion   |    38 |    32 ||    70
